Workbook
Name County: #REF!

Sheet Instructions
B1: State of California - Health and Human Services Agency | O1: Department of Health Care Services
B2: Substance Use Prevention, Treatment, and Recovery Services Block Grant | R2: v1.2026
B4: SUBG GENERAL ALLOCATION WORKBOOK CONTENTS
B5: Allocation Sheet: This sheet contains details on the county's annual allocations for State Fiscal Year (SFY) 2026-27 or 2027-28.
B6: Subcontractor List: This sheet collects information on each subcontractor receiving SUBG funds. This sheet is to be completed by the county.
B7: Program Tabs (1-12): These sheets are the individual program budgets and are to be completed by the county.
B8: Summary: This sheet summarizes the budget details from program tabs.
B9: Note: Complete one General Allocation Budget Workbook per SFY. Lable each workbook with the appropriate SFY, in the following format:
B10: County Name_SFY 2026-27_General Allocation Workbook.
B12: ALLOCATION SHEET
B13: This sheet contains the county's allocation and set-aside amounts for the state fiscal year indicated.
B14: If the county does not have a certified Indirect Cost Rate (ICR) on record with the Department of Health Care Services (DHCS), the county must enter a de minimus rate of up to 15%.
B15: For more information, see DHCS Behavioral Health Information Notice No. 24-047, December 2024.
B17: SUBCONTRACTOR LIST INSTRUCTIONS
... B35: The following American Society of Addiction Medicine (ASAM) Levels of Care may be used:
C36: Level 1: Outpatient
C37: Level 2: Intensive Outpatient/High-Intensity Outpatient
C38: Level 3: Residential
C39: Level 4: Inpatient
C40: Recovery residence
C41: Other: Please describe
B42: For more information on the ASAM Levels of Care, see https://www.asam.org/asam-criteria/about-the-asam-criteria
B44: Target Population: Enter the Target Population(s) that best reflects what the subcontractor provides. Only include populations from this list, separated with a comma.
C45: Pregnant women
C46: Women with dependent children
C47: Persons experiencing homelessness
C48: Persons who inject drugs
C49: Persons in need of recovery support services for substance use disorder
C50: Individuals with a co-occurring mental health and substance use disorder
B52: PROGRAM TAB INSTRUCTIONS
B53: Please note: Upon receipt of the budget for each program, DHCS will review, approve, and return to the county a copy of the approved budget.
B54: The county may be required to revise the budget prior to approval. Please respond to DHCS communications about revisions as soon as possible.
B55: General Instructions:
B56: Please complete one budget per program/contractor. Each program/contractor budget should go in its own tab (Program 1, Program 2, and so on).
B57: If your county has more than one SUBG-funded program, all budgets should be included in one Excel workbook.
B58: Do not alter formulas or formatting. Do not create additional tabs or add lines within the spreadsheets.
B59: If the county requires additional lines in the workbook (e.g., additional staff positions), please contact SUBG@dhcs.ca.gov.
B60: If the county requires additional program tabs (e.g., more than 12 programs are funded by SUBG), please contact SUBG@dhcs.ca.gov.
B61: Only enter data in yellow cells.
B62: For questions or concerns about the application, including issues with formulas or formatting, please contact SUBG@dhcs.ca.gov as soon as possible.
B63: To reduce administrative burden, DHCS is implementing a policy in which a county may internally, and without official DHCS approval, shift up to 10% of the total program budget between existing, approved line items within the same program budget for which it was originally approved. See the Request for Application for additional information.
... B78: Section I: Staffing - Itemized Details
C79: Personnel: Enter each position title for all SUBG-funded positions, including research and evaluation staff, and the total annual salary for each position. Enter the Grant Full Time Employment (FTE) percentage. For example, if a position will be working on SUBG-funded activities 75% of the time, enter 0.75. Please note that all salaries must align with the $228,000 salary cap. The salary cap does not apply to benefits. Please list benefits as one item for all staff. Per the Substance Abuse and Mental Health Services Administration (SAMHSA), all grant-funded salaries are to be restricted to the salary of Executive Level II of the Federal Executive Pay Scale. For more information, please see:
C83: SAMHSA's Standard Terms and Conditions:
C84: https://www.samhsa.gov/grants/grants-management/notice-of-award/terms
C85: The Office of Personnel Management's Executive Pay Scale:
C86: https://www.opm.gov/policy-data-oversight/pay-leave/salaries-wages/salary-tables/26Tables/exec/html/EX.aspx
C87: Fringe Benefits: Enter the cost of all finge benefits for personnel.
B89: Section II: Program Expenses Itemized Details
C90: Travel: Select from drop-down list
D91: Per diem
D92: Mileage reimbursements
D93: Other (describe in details)
C95: Equipment: List equipment to be rented, leased, or purchased.
C96: Definition: Equipment shall mean moveable personal property of a relatively permanent nature and of significant value, such as furniture,
C97: machines, and tools.
C98: a. "Relatively permanent" is defined as a useful life of one year or longer.
C99: b. "Significant value" is defined as a minimum value of $100 to $1,000 as established by the County Auditor.
C100: For further reference: California Code of Regulations, Title 9 Section 552:
C101: https://govt.westlaw.com/calregs/Document/I3EADC5334C6B11EC93A8000D3A7C4BC3
C102: Please note: A County may lease a vehicle for use in their SUD prevention, treatment, and recovery support services program using SUBG funds. If the vehicle is intended solely for perinatal or youth services programs, perinatal or youth set-asides can be used. DHCS pre-approval is required for all vehicle leases. Motor vehicle purchases are not permitted, but counties may lease motor vehicles with DHCS approval. Counties must include the proposed lease of vehicles in their SUBG General Allocation Workbook by selecting “motor vehicle lease” from the drop down list under “Other Expenses” and entering the details requested. Please ensure that the motor vehicle lease line in the SUBG General Allocation Workbook is included in and directly correlates to the Program Narrative for that program.
C107: Supplies: Select from drop-down list.
D108: Office
D109: Printing
D110: Housekeeping
D111: Medical
D112: Outreach Supplies/Hygiene Kits/Misc.
D113: Other (describe in details)
C114: Contractual/Consultant Cost: Enter consultant name/title and the maximum costs of the contracts.
C116: Other: Select from drop-down list.
D117: Utilities/Telephone/Internet
D118: Insurance (property, vehicle, malpractice, etc.)
D119: Office rent expenses
D120: Security, janitorial, and grounds maintenance
D121: Direct service contracts
D122: Research and evaluation costs (excluding staff)
D123: Motor vehicle lease
D124: Indirect Costs
D125: County Support Administrative Direct Costs
D126: Other office expenses (describe in details)
D127: Other client expenses (describe in details)
D128: Other staffing expenses (describe in details)
B131: Section III: Program Administration
B132: Direct Administrative Cost: This amount includes direct administration costs/county overhead and is limited to 10% of total SUBG allocation.
B134: Indirect Administrative Cost: This amount includes indirect administration costs/county overhead. These costs must be equal to or lower than the ICR entered at the top of the first tab (Program 1).
B136: Program Maximum Allowable Indirect Costs: This line is formula driven to calculate the maximum allowable indirect costs based on the county's certified and approved ICR or the de minimis rate of up to 15% (as of July 01, 2026). It is calculated by adding the following line items: staffing, consultant/contract costs, equipment, supplies, travel, and other expenses, and multiplying the total by your county's approved ICR rate. This is the maximum amount of indirect costs you can claim per program. If this cell is red the county is either over their entered ICR amount or the ICR rate has not been entered at the top of the first tab (Program 1).
B140: Total Expenses:
B141: Total Expenses: Each column is formula-driven and will automatically sum the listed expenses.
B143: SUMMARY TAB INSTRUCTIONS
B144: The summary tab will auto-populate with data from each program tab. Please review for accuracy against county records.
B145: Review Enclosure 8 last for accuracy.

Sheet Allocation Sheet
B1: State of California - Health and Human Services Agency | E1: Department of Health Care Services
B2: Substance Use Prevention, Treatment, and Recovery Services Block Grant | E2: v1
B4: FEDERAL GRANT PROPOSED ALLOCATION
B5: State Fiscal Years 2026 - 2028
B6: Type of Grant | C6: Substance Use Prevention, Treatment, and Recovery Services Block Grant
B7: County | C7: Alameda
B8: Current ICR | C8: 0.1
C10: Set Aside | D10: SFY 2026-27
C11: Discretionary | D11: =VLOOKUP(C7,'[1]SFY 2026-27'!$A$3:$E$61,2,FALSE) -> 4890254
C12: Perinatal | D12: =VLOOKUP(C7,'[1]SFY 2026-27'!$A$3:$E$61,4,FALSE) -> 1532698
C13: Adolescent/Youth | D13: =VLOOKUP(C7,'[1]SFY 2026-27'!$A$3:$E$61,5,FALSE) -> 412130
C14: Total Proposed Allocation | D14: =SUM(D11:D13) -> 6835082
C16: Important notes:
C17: Discretionary Set-Aside funds: Counties may allocate Discretionary funds toward Prevention programs that are approved through the Prevention Youth Branch (PYB) Team.

Sheet Subcontractor List
B1: State of California - Health and Human Services Agency | L1: Department of Health Care Services
B2: Substance Use Prevention, Treatment, and Recovery Services Block Grant (SUBG)
B3: County Subcontractor List | N3: Reference List Include only the following selections, separated by comma. Levels of Care: Level 1: Outpatient Level 2: Intensive Outpatient/High-Intensity Outpatient Level 3: Residential Level 4: Inpatient Recovery residence Other: Please describe Target Populations: Pregnant women Women with dependent children Persons experiencing homelessness Persons who inject drugs Persons in need of recovery support services for substance use disorder Individuals with a co-occurring mental health and substance use disorder
B5: County | C5: # | D5: Program Name | E5: Subcontractor Full Legal Name | F5: Subcontractor Address | G5: City | H5: State | I5: Zip Code | J5: Phone Number (XXX-XXX-XXXX) | K5: Level of Care (include from reference list, separated by comma) | L5: Target Population (include from reference list, separated by comma)
B6: Alameda | C6: 1 | D6: Outpatient and Residential Substance Use Treatment Programs and Recovery Residences Perinatal Adult Substance Use Treatment Programs | E6: Alameda Health System (dba Alameda County Medical Center) | F6: Road to Recovery 7677 Oakport Street, 12th Floor | G6: Oakland | H6: California | I6: 94621 | J6: (510) 618-5706 | K6: Level 1: Outpatient Level 2: Intensive Outpatient/High-Intensity Outpatient | L6: Pregnant women Women with dependent children Persons experiencing homelessness Persons who inject drugs Persons in need of recovery support services for substance use disorder Individuals with a co-occurring mental health and substance use disorder
C7: 2 | D7: Outpatient and Residential Substance Use Treatment Programs and Recovery Residences | E7: Bi Bett Corporation | F7: Diablo Valley Ranch (DVR) 11540 Marsh Creek | G7: Clayton | H7: California | I7: 94517 | J7: (925) 672-5700 | K7: Level 3: Residential | L7: Persons experiencing homelessness Persons who inject drugs Persons in need of recovery support services for substance use disorder Individuals with a co-occurring mental health and substance use disorder
C8: 3 | D8: Outpatient and Residential Substance Use Treatment Programs and Recovery Residences Perinatal Adult Substance Use Treatment Programs | E8: Bi-Bett Corporation | F8: Orchid - Women's Residential Treatment 1342 E. 27th Street | G8: Oakland | H8: California | I8: 94606 | J8: (510) 535-0611 | K8: Level 3: Residential | L8: Pregnant women Women with dependent children Persons experiencing homelessness Persons who inject drugs Persons in need of recovery support services for substance use disorder Individuals with a co-occurring mental health and substance use disorder
C9: 4 | D9: Outpatient and Residential Substance Use Treatment Programs and Recovery Residences | E9: Carnales Unidos Reformando Adictos (C.U.R.A.) Incorporate | F9: Recovery Residence 531 24th Street | G9: Oakland | H9: California | I9: 94612 | J9: (510) 706-6177 | K9: Recovery Residence | L9: Persons experiencing homelessness Persons who inject drugs Persons in need of recovery support services for substance use disorder Individuals with a co-occurring mental health and substance use disorder
C10: 5 | D10: Outpatient and Residential Substance Use Treatment Programs and Recovery Residences | E10: Carnales Unidos Reformando Adictos (C.U.R.A.) Incorporate | F10: Residential Treatment Services 7437 Glenmoor Drive | G10: Fremont | H10: California | I10: 94536 | J10: (510) 713-3200 | K10: Level 3: Residential | L10: Persons experiencing homelessness Persons who inject drugs Persons in need of recovery support services for substance use disorder Individuals with a co-occurring mental health and substance use disorder
C11: 6 | D11: Outpatient and Residential Substance Use Treatment Programs and Recovery Residences Adolescent & Youth Substance Use Treatment Programs | E11: City of Fremont | F11: Youth and Family Services 39155 Liberty St, #E500 | G11: Fremont | H11: California | I11: 94538 | J11: (510) 284-4002 | K11: Level 1: Outpatient Level 2: Intensive Outpatient/High-Intensity Outpatient | L11: Persons experiencing homelessness Persons who inject drugs Persons in need of recovery support services for substance use disorder Individuals with a co-occurring mental health and substance use disorder
C12: 7 | D12: Outpatient and Residential Substance Use Treatment Programs and Recovery Residences | E12: Horizon Services Incorporated | F12: Cherry Hill SUD Detoxification Services 2035 Fairmont Drive | G12: San Leandro | H12: California | I12: 94578 | J12: (866) 866-7496 | K12: Other: Residential Detox | L12: Pregnant women Women with dependent children Persons experiencing homelessness Persons who inject drugs Persons in need of recovery support services for substance use disorder Individuals with a co-occurring mental health and substance use disorder
C13: 8 | D13: Outpatient and Residential Substance Use Treatment Programs and Recovery Residences | E13: Horizon Services Incorporated | F13: Cronin House 2575 Depot Road | G13: Hayward | H13: California | I13: 94545 | J13: (510) 784-5874 | K13: Level 3: Residential | L13: Persons experiencing homelessness Persons who inject drugs Persons in need of recovery support services for substance use disorder Individuals with a co-occurring mental health and substance use disorder
C14: 9 | D14: Adolescent & Youth Substance Use Treatment Programs | E14: Horizon Services Incorporated | F14: Project Eden Adolescent Services 1866 B Street, Suite 101 | G14: Hayward | H14: California | I14: 94541 | J14: (510) 582-2100 | K14: Level 1: Outpatient Level 2: Intensive Outpatient/High-Intensity Outpatient | L14: Persons experiencing homelessness Persons who inject drugs Persons in need of recovery support services for substance use disorder Individuals with a co-occurring mental health and substance use disorder
C15: 10 | D15: Outpatient and Residential Substance Use Treatment Programs and Recovery Residences | E15: Horizon Services Incorporated | F15: Project Eden Adult Services 1020 Serpentine Lane, Suites 100 and 102 | G15: Pleasanton | H15: California | I15: 94566 | J15: (925) 444-7040 | K15: Level 1: Outpatient Level 2: Intensive Outpatient/High-Intensity Outpatient | L15: Pregnant women Women with dependent children Persons experiencing homelessness Persons who inject drugs Persons in need of recovery support services for substance use disorder Individuals with a co-occurring mental health and substance use disorder
C16: 11 | D16: Outpatient and Residential Substance Use Treatment Programs and Recovery Residences Perinatal Adult Substance Use Treatment Programs | E16: LifeLong Medical Care | F16: Project Pride 2545 San Pablo Avenue | G16: Oakland | H16: California | I16: 94612 | J16: (510) 981-4100 | K16: Level 3: Residential | L16: Pregnant women Women with dependent children Persons experiencing homelessness Persons who inject drugs Persons in need of recovery support services for substance use disorder Individuals with a co-occurring mental health and substance use disorder
C17: 12 | D17: Outpatient and Residential Substance Use Treatment Programs and Recovery Residences Perinatal Adult Substance Use Treatment Programs | E17: Magnolia Women's Recovery Programs, Inc. | F17: 682 Briergate Way | G17: Hayward | H17: California | I17: 94544 | J17: (510) 487-2910 | K17: Level 3: Residential | L17: Pregnant women Women with dependent children Persons experiencing homelessness Persons who inject drugs Persons in need of recovery support services for substance use disorder Individuals with a co-occurring mental health and substance use disorder
C18: 13 | D18: Outpatient and Residential Substance Use Treatment Programs and Recovery Residences Perinatal Adult Substance Use Treatment Programs | E18: Magnolia Women's Recovery Programs, Inc. | F18: 17 Embarcadero Cove | G18: Oakland | H18: California | I18: 94606 | J18: (510) 535-1344 | K18: Level 3: Residential | L18: Pregnant women Women with dependent children Persons experiencing homelessness Persons who inject drugs Persons in need of recovery support services for substance use disorder Individuals with a co-occurring mental health and substance use disorder
... C40: 35 | D40: Outpatient and Residential Substance Use Treatment Programs and Recovery Residences | E40: The New Bridge Foundation, Inc. | F40: 2323 Hearst Avenue | G40: Berkeley | H40: California | I40: 94709 | J40: (510) 526-6200 | K40: Level 3: Residential | L40: Persons experiencing homelessness Persons who inject drugs Persons in need of recovery support services for substance use disorder Individuals with a co-occurring mental health and substance use disorder
C41: 36
C42: 37
C43: 38
C44: 39
C45: 40
C46: 41
C47: 42
C48: 43
C49: 44
C50: 45
C51: 46
C52: 47
... C215: 210

Sheet Program 1
C1: State of California - Health and Human Services Agency | E1: Department of Health Care Services
C2: Substance Use Prevention, Treatment, and Recovery Services Block Grant (SUBG)
C4: DETAILED PROGRAM BUDGET
C6: Type of Grant | D6: Substance Use Prevention, Treatment, and Recovery Services Block Grant | E6: SFY | G6: SFY 2026-27
C7: County | D7: Alameda | E7: Submission Date | G7: 46232
C8: Current ICR | D8: 0.1 | E8: Total SUBG Allocation | G8: =+'Allocation Sheet'!D14 -> 6835082
C10: Program Information
C11: Program Name | D11: Adolescent & Youth Substance Use Treatment Programs
C12: Fiscal Contact | D12: Melissa Wong | E12: Phone | F12: 5106391307
C13: Email Address | D13: Melissa.Wong@acgov.org
C14: Program Contact | D14: Melissa Yamamoto | E14: Phone | F14: 5103838532
C15: Email Address | D15: Melissa.Yamamoto@acgov.org
C17: Funding Source
C18: Discretionary | G18: 0
C19: Perinatal | G19: 0
C20: Adolescent/Youth | G20: 412130
C21: Total Planned Allocation for Program: | G21: 412130
C23: DHCS Approval (For DHCS Staff Only)
C24: Analyst | E24: Date Approved
C26: I. Staffing Itemized Detail
C27: Title of Position (Align with County/Provider IUP) | E27: Annual Salary | F27: Grant FTE | G27: TotaI Not to Exceed
B29: 1 | C29: Personnel
B30: 2 | E30: 0 | F30: 0 | G30: 0
B31: 3 | E31: 0 | F31: 0 | G31: 0
B32: 4 | E32: 0 | F32: 0 | G32: 0
B33: 5 | E33: 0 | F33: 0 | G33: 0
B34: 6 | E34: 0 | F34: 0 | G34: 0
B35: 7 | E35: 0 | F35: 0 | G35: 0
B36: 8 | E36: 0 | F36: 0 | G36: 0
B37: 9 | E37: 0 | F37: 0 | G37: 0
B38: 10 | E38: 0 | F38: 0 | G38: 0
B39: 11 | E39: 0 | F39: 0 | G39: 0
B40: 12 | E40: 0 | F40: 0 | G40: 0
B41: 13 | E41: 0 | F41: 0 | G41: 0
... B58: 30 | E58: 0 | F58: 0 | G58: 0
B59: 31 | C59: Fringe Benefits | G59: 0
C60: TOTAL STAFF EXPENSES | G60: 0
C62: II. Program Expenses Itemized Detail
C63: Category | D63: Details | G63: Amount
B65: 32 | C65: Travel
B66: 33 | G66: 0
B67: 34 | G67: 0
B68: 35 | G68: 0
B69: 36 | G69: 0
B70: 37 | C70: Equipment
B71: 38 | G71: 0
B72: 39 | G72: 0
B73: 40 | G73: 0
B74: 41 | G74: 0
B75: 42 | C75: Supplies
B76: 43 | G76: 0
B77: 44 | G77: 0
B78: 45 | G78: 0
B79: 46 | G79: 0
B80: 47 | G80: 0
B81: 48 | G81: 0
B82: 49 | C82: Contractual/Consultant Costs
B83: 50 | C83: City of Fremont | D83: Youth and Family Services | G83: 133349
B84: 51 | C84: Horizon Services, Incorporated | D84: Project Eden Youth Outpatient & Prevention Services | G84: 110714
B85: 52 | C85: The Alliance for Community Wellness (dba La Familia Counseling Service) | D85: La Familia Counseling Services, Youth for Change | G85: 168067
B86: 53 | G86: 0
B87: 54 | G87: 0
B88: 55 | G88: 0
B89: 56 | G89: 0
B90: 57 | G90: 0
B91: 58 | G91: 0
B92: 59 | G92: 0
B93: 60 | G93: 0
B94: 61 | G94: 0
B95: 62 | G95: 0
B96: 63 | G96: 0
B97: 64 | G97: 0
... B112: 79 | G112: 0
B113: 80 | C113: Other Expenses
B114: 81 | G114: 0
B115: 82 | G115: 0
B116: 83 | G116: 0
B117: 84 | G117: 0
B118: 85 | G118: 0
B119: 86 | G119: 0
B120: 87 | G120: 0
B121: 88 | G121: 0
B122: 89 | G122: 0
B123: 90 | G123: 0
B124: 91 | G124: 0
B125: 92 | G125: 0
... B127: 94 | G127: 0
C128: TOTAL DIRECT CHARGES (Sum of Program Expenses) | G128: 0
C130: SUMMARY
C131: Category | G131: Total Amount
C133: Total Staffing Expenses | G133: 0
C134: Travel | G134: 0
C135: Equipment | G135: 0
C136: Supplies | G136: 0
C137: Contractual/Consultant Costs | G137: 412130
C138: Other Expenses | G138: 0
C139: Program Maximum Allowable Indirect Costs | G139: 41213
C140: Indirect Costs | G140: 0
C141: Program Maximum Allowable County Support Administrative Direct Costs | G141: 0
C142: County Support Administrative Direct Costs | G142: 0
...

Sheet Program 2
C1: State of California - Health and Human Services Agency | E1: Department of Health Care Services
C2: Substance Use Prevention, Treatment, and Recovery Services Block Grant (SUBG)
C4: DETAILED PROGRAM BUDGET
C6: Type of Grant | D6: Substance Use Prevention, Treatment, and Recovery Services Block Grant | E6: SFY | G6: ='Allocation Sheet'!D10 -> SFY 2026-27
C7: County | D7: =_xlfn.LET(_xlpm.x,INDEX('Allocation Sheet'!C7:E7,1),IF(_xlpm.x="","",_xlpm.x)) -> Alameda | E7: Submission Date | G7: 46232
C8: Current ICR | D8: ='Allocation Sheet'!C8 -> 0.1 | E8: Total SUBG Allocation | G8: ='Allocation Sheet'!D14 -> 6835082
C10: Program Information
C11: Program Name | D11: Outpatient and Residential Substance Use Treatment Programs and Recovery Residences
C12: Fiscal Contact | D12: Melissa Wong | E12: Phone | F12: 5106391307
C13: Email Address | D13: Melissa.Wong@acgov.org
C14: Program Contact | D14: Melissa Yamamoto | E14: Phone | F14: 5103838532
C15: Email Address | D15: Melissa.Yamamoto@acgov.org
C17: Funding Source
C18: Discretionary | G18: 4890254
C19: Perinatal | G19: 0
C20: Adolescent/Youth | G20: 0
C21: Total Planned Allocation for Program: | G21: =SUM(G18:G20) -> 4890254
C23: DHCS Approval (For DHCS Staff Only)
C24: Analyst | E24: Date Approved
C26: I. Staffing Itemized Detail
C27: Title of Position (Align with County/Provider IUP) | E27: Annual Salary | F27: Grant FTE | G27: TotaI Not to Exceed
B29: 1 | C29: Personnel
B30: 2 | E30: 0 | F30: 0 | G30: =E30*F30 -> 0
B31: 3 | E31: 0 | F31: 0 | G31: =E31*F31 -> 0
B32: 4 | E32: 0 | F32: 0 | G32: =E32*F32 -> 0
B33: 5 | E33: 0 | F33: 0 | G33: =E33*F33 -> 0
B34: 6 | E34: 0 | F34: 0 | G34: =E34*F34 -> 0
B35: 7 | E35: 0 | F35: 0 | G35: =E35*F35 -> 0
B36: 8 | E36: 0 | F36: 0 | G36: =E36*F36 -> 0
B37: 9 | E37: 0 | F37: 0 | G37: =E37*F37 -> 0
B38: 10 | E38: 0 | F38: 0 | G38: =E38*F38 -> 0
B39: 11 | E39: 0 | F39: 0 | G39: =E39*F39 -> 0
B40: 12 | E40: 0 | F40: 0 | G40: =E40*F40 -> 0
B41: 13 | E41: 0 | F41: 0 | G41: =E41*F41 -> 0
... B58: 30 | E58: 0 | F58: 0 | G58: =E58*F58 -> 0
B59: 31 | C59: Fringe Benefits | G59: 0
C60: TOTAL STAFF EXPENSES | G60: =SUM(G30:G59) -> 0
C62: II. Program Expenses Itemized Detail
C63: Category | D63: Details | G63: Amount
B65: 32 | C65: Travel
B66: 33 | G66: 0
B67: 34 | G67: 0
B68: 35 | G68: 0
B69: 36 | G69: 0
B70: 37 | C70: Equipment
B71: 38 | G71: 0
B72: 39 | G72: 0
B73: 40 | G73: 0
B74: 41 | G74: 0
B75: 42 | C75: Supplies
B76: 43 | G76: 0
B77: 44 | G77: 0
B78: 45 | G78: 0
B79: 46 | G79: 0
B80: 47 | G80: 0
B81: 48 | G81: 0
B82: 49 | C82: Contractual/Consultant Costs
B83: 50 | C83: Alameda Health System (dba Alameda County Medical Center) | D83: Alameda County Medical Center - Road to Recovery | G83: 138760
B84: 51 | C84: Bi Bett Corporation | D84: Diablo Valley Ranch (DVR) | G84: 200000
B85: 52 | C85: Carnales Unidos Reformando Adictos (C.U.R.A.) Incorporate | D85: C.U.R.A. Residential Treatment Services & Recovery Residence | G85: 113490
B86: 53 | C86: Horizon Services, Incorporated | D86: Cherry Hill SUD Detoxification Services & Cronin House & Project Eden Adult Services | G86: =1778431+152502.5 -> 1930933.5
B87: 54 | C87: The Alliance for Community Wellness (dba La Familia Counseling Service) | D87: La Familia Counseling Service, El Chante & Si Se Puede Latino Family Services Center | G87: 103609
B88: 55 | C88: The New Bridge Foundation, Inc. | D88: New Bridge Residential Program | G88: 202064
B89: 56 | C89: Options Recovery Services | D89: SUD Outpatient Treatment Programs & Recovery Residences | G89: 815227
B90: 57 | C90: Second Chance Inc. | D90: Hayward Recovery Center & Tri-Cities Center & Tony's Place Recovery Residence | G90: =599571+152502.5 -> 752073.5
B91: 58 | C91: LifeLong Medical Care | D91: East Bay Community Recovery Project - Oakland, Project Pride | G91: 233213
B92: 59 | C92: Magnolia Women's Recovery Programs, Inc. | D92: Women's Recovery Programs in Hayward and Oakland | G92: 54019
B93: 60 | C93: City of Fremont | D93: Youth and Family Services | G93: 26357
B94: 61 | G94: 0
B95: 62 | G95: 0
B96: 63 | G96: 0
B97: 64 | G97: 0
B98: 65 | G98: 0
B99: 66 | G99: 0
B100: 67 | G100: 0
B101: 68 | G101: 0
B102: 69 | G102: 0
B103: 70 | G103: 0
B104: 71 | G104: 0
B105: 72 | G105: 0
... B112: 79 | G112: 0
B113: 80 | C113: Other Expenses
B114: 81 | C114: County Support Administrative Direct Costs | G114: 320508
B115: 82 | G115: 0
B116: 83 | G116: 0
B117: 84 | G117: 0
B118: 85 | G118: 0
B119: 86 | G119: 0
B120: 87 | G120: 0
B121: 88 | G121: 0
B122: 89 | G122: 0
B123: 90 | G123: 0
B124: 91 | G124: 0
B125: 92 | G125: 0
B126: 93 | G126: 0
B127: 94 | G127: 0
C128: TOTAL DIRECT CHARGES (Sum of Program Expenses) | G128: =SUM(G66:G69,G71:G74,G76:G81,G83:G112,G114:G127) -> 4890254
C130: SUMMARY
C131: Category | G131: Total Amount
C133: Total Staffing Expenses | G133: =G60 -> 0
...

Sheet Program 3
C1: State of California - Health and Human Services Agency | E1: Department of Health Care Services
C2: Substance Use Prevention, Treatment, and Recovery Services Block Grant (SUBG)
C4: DETAILED PROGRAM BUDGET
C6: Type of Grant | D6: Substance Use Prevention, Treatment, and Recovery Services Block Grant | E6: SFY | G6: ='Allocation Sheet'!D10 -> SFY 2026-27
C7: County | D7: =_xlfn.LET(_xlpm.x,INDEX('Allocation Sheet'!C7:E7,1),IF(_xlpm.x="","",_xlpm.x)) -> Alameda | E7: Submission Date | G7: 46232
C8: Current ICR | D8: ='Allocation Sheet'!C8 -> 0.1 | E8: Total SUBG Allocation | G8: ='Allocation Sheet'!D14 -> 6835082
C10: Program Information
C11: Program Name | D11: Perinatal Adult Substance Use Treatment Programs
C12: Fiscal Contact | D12: Melissa Wong | E12: Phone | F12: 5106391307
C13: Email Address | D13: Melissa.Wong@acgov.org
C14: Program Contact | D14: Melissa Yamamoto | E14: Phone | F14: 5103838532
C15: Email Address | D15: Melissa.Yamamoto@acgov.org
C17: Funding Source
C18: Discretionary | G18: 0
C19: Perinatal | G19: 1532698
C20: Adolescent/Youth | G20: 0
C21: Total Planned Allocation for Program: | G21: =SUM(G18:G20) -> 1532698
C23: DHCS Approval (For DHCS Staff Only)
C24: Analyst | E24: Date Approved
C26: I. Staffing Itemized Detail
C27: Title of Position (Align with County/Provider IUP) | E27: Annual Salary | F27: Grant FTE | G27: TotaI Not to Exceed
B29: 1 | C29: Personnel
B30: 2 | E30: 0 | F30: 0 | G30: =E30*F30 -> 0
B31: 3 | E31: 0 | F31: 0 | G31: =E31*F31 -> 0
B32: 4 | E32: 0 | F32: 0 | G32: =E32*F32 -> 0
B33: 5 | E33: 0 | F33: 0 | G33: =E33*F33 -> 0
B34: 6 | E34: 0 | F34: 0 | G34: =E34*F34 -> 0
B35: 7 | E35: 0 | F35: 0 | G35: =E35*F35 -> 0
B36: 8 | E36: 0 | F36: 0 | G36: =E36*F36 -> 0
B37: 9 | E37: 0 | F37: 0 | G37: =E37*F37 -> 0
B38: 10 | E38: 0 | F38: 0 | G38: =E38*F38 -> 0
B39: 11 | E39: 0 | F39: 0 | G39: =E39*F39 -> 0
B40: 12 | E40: 0 | F40: 0 | G40: =E40*F40 -> 0
B41: 13 | E41: 0 | F41: 0 | G41: =E41*F41 -> 0
... B58: 30 | E58: 0 | F58: 0 | G58: =E58*F58 -> 0
B59: 31 | C59: Fringe Benefits | G59: 0
C60: TOTAL STAFF EXPENSES | G60: =SUM(G30:G59) -> 0
C62: II. Program Expenses Itemized Detail
C63: Category | D63: Details | G63: Amount
B65: 32 | C65: Travel
B66: 33 | G66: 0
B67: 34 | G67: 0
B68: 35 | G68: 0
B69: 36 | G69: 0
B70: 37 | C70: Equipment
B71: 38 | G71: 0
B72: 39 | G72: 0
B73: 40 | G73: 0
B74: 41 | G74: 0
B75: 42 | C75: Supplies
B76: 43 | G76: 0
B77: 44 | G77: 0
B78: 45 | G78: 0
B79: 46 | G79: 0
B80: 47 | G80: 0
B81: 48 | G81: 0
B82: 49 | C82: Contractual/Consultant Costs
B83: 50 | C83: The Alliance for Community Wellness (dba La Familia Counseling Service) | D83: La Familia Mujeres Con Esperanza | G83: 94265
B84: 51 | C84: Bi Bett Corporation | D84: Orchid - Women's Residential Treatment | G84: 87082
B85: 52 | C85: LifeLong Medical Care | D85: Project Pride | G85: 384321
B86: 53 | C86: Magnolia Women's Recovery Programs, Inc. | D86: Women's Recovery Programs in Hayward and Oakland | G86: 625285
B87: 54 | C87: Options Recovery Services | D87: SUD Recovery Residence | G87: 120336
B88: 55 | C88: Alameda Health System (dba Alameda County Medical Center) | D88: Road to Recovery | G88: 144774
B89: 56 | G89: 0
B90: 57 | G90: 0
B91: 58 | G91: 0
B92: 59 | G92: 0
B93: 60 | G93: 0
B94: 61 | G94: 0
B95: 62 | G95: 0
B96: 63 | G96: 0
B97: 64 | G97: 0
B98: 65 | G98: 0
B99: 66 | G99: 0
B100: 67 | G100: 0
... B112: 79 | G112: 0
B113: 80 | C113: Other Expenses
B114: 81 | C114: County Support Administrative Direct Costs | G114: 76635
B115: 82 | G115: 0
B116: 83 | G116: 0
B117: 84 | G117: 0
B118: 85 | G118: 0
B119: 86 | G119: 0
B120: 87 | G120: 0
B121: 88 | G121: 0
B122: 89 | G122: 0
B123: 90 | G123: 0
B124: 91 | G124: 0
B125: 92 | G125: 0
B126: 93 | G126: 0
B127: 94 | G127: 0
C128: TOTAL DIRECT CHARGES (Sum of Program Expenses) | G128: =SUM(G66:G69,G71:G74,G76:G81,G83:G112,G114:G127) -> 1532698
C130: SUMMARY
C131: Category | G131: Total Amount
C133: Total Staffing Expenses | G133: =G60 -> 0
C134: Travel | G134: =SUM(G66:G69) -> 0
C135: Equipment | G135: =SUM(G71:G74) -> 0
C136: Supplies | G136: =SUM(G76:G81) -> 0
C137: Contractual/Consultant Costs | G137: =SUM(G83:G112) -> 1456063
C138: Other Expenses | G138: =SUM(G114:G127)-G140-G142 -> 0
...

Sheet Program 4
C1: State of California - Health and Human Services Agency | E1: Department of Health Care Services
C2: Substance Use Prevention, Treatment, and Recovery Services Block Grant (SUBG)
C4: DETAILED PROGRAM BUDGET
C6: Type of Grant | D6: Substance Use Prevention, Treatment, and Recovery Services Block Grant | E6: SFY | G6: ='Allocation Sheet'!D10 -> SFY 2026-27
C7: County | D7: =_xlfn.LET(_xlpm.x,INDEX('Allocation Sheet'!C7:E7,1),IF(_xlpm.x="","",_xlpm.x)) -> Alameda | E7: Submission Date
C8: Current ICR | D8: ='Allocation Sheet'!C8 -> 0.1 | E8: Total SUBG Allocation | G8: ='Allocation Sheet'!D14 -> 6835082
C10: Program Information
C11: Program Name
C12: Fiscal Contact | E12: Phone
C13: Email Address
C14: Program Contact | E14: Phone
C15: Email Address
C17: Funding Source
C18: Discretionary | G18: 0
C19: Perinatal | G19: 0
C20: Adolescent/Youth | G20: 0
C21: Total Planned Allocation for Program: | G21: =SUM(G18:G20) -> 0
C23: DHCS Approval (For DHCS Staff Only)
C24: Analyst | E24: Date Approved
C26: I. Staffing Itemized Detail
C27: Title of Position (Align with County/Provider IUP) | E27: Annual Salary | F27: Grant FTE | G27: TotaI Not to Exceed
B29: 1 | C29: Personnel
B30: 2 | E30: 0 | F30: 0 | G30: =E30*F30 -> 0
B31: 3 | E31: 0 | F31: 0 | G31: =E31*F31 -> 0
B32: 4 | E32: 0 | F32: 0 | G32: =E32*F32 -> 0
B33: 5 | E33: 0 | F33: 0 | G33: =E33*F33 -> 0
B34: 6 | E34: 0 | F34: 0 | G34: =E34*F34 -> 0
B35: 7 | E35: 0 | F35: 0 | G35: =E35*F35 -> 0
B36: 8 | E36: 0 | F36: 0 | G36: =E36*F36 -> 0
B37: 9 | E37: 0 | F37: 0 | G37: =E37*F37 -> 0
B38: 10 | E38: 0 | F38: 0 | G38: =E38*F38 -> 0
B39: 11 | E39: 0 | F39: 0 | G39: =E39*F39 -> 0
B40: 12 | E40: 0 | F40: 0 | G40: =E40*F40 -> 0
B41: 13 | E41: 0 | F41: 0 | G41: =E41*F41 -> 0
... B58: 30 | E58: 0 | F58: 0 | G58: =E58*F58 -> 0
B59: 31 | C59: Fringe Benefits | G59: 0
C60: TOTAL STAFF EXPENSES | G60: =SUM(G30:G59) -> 0
C62: II. Program Expenses Itemized Detail
C63: Category | D63: Details | G63: Amount
B65: 32 | C65: Travel
B66: 33 | G66: 0
B67: 34 | G67: 0
B68: 35 | G68: 0
B69: 36 | G69: 0
B70: 37 | C70: Equipment
B71: 38 | G71: 0
B72: 39 | G72: 0
B73: 40 | G73: 0
B74: 41 | G74: 0
B75: 42 | C75: Supplies
B76: 43 | G76: 0
B77: 44 | G77: 0
B78: 45 | G78: 0
B79: 46 | G79: 0
B80: 47 | G80: 0
B81: 48 | G81: 0
B82: 49 | C82: Contractual/Consultant Costs
B83: 50 | G83: 0
B84: 51 | G84: 0
B85: 52 | G85: 0
B86: 53 | G86: 0
B87: 54 | G87: 0
B88: 55 | G88: 0
B89: 56 | G89: 0
B90: 57 | G90: 0
B91: 58 | G91: 0
B92: 59 | G92: 0
B93: 60 | G93: 0
B94: 61 | G94: 0
... B112: 79 | G112: 0
B113: 80 | C113: Other Expenses
B114: 81 | G114: 0
B115: 82 | G115: 0
B116: 83 | G116: 0
B117: 84 | G117: 0
B118: 85 | G118: 0
B119: 86 | G119: 0
B120: 87 | G120: 0
B121: 88 | G121: 0
B122: 89 | G122: 0
B123: 90 | G123: 0
B124: 91 | G124: 0
B125: 92 | G125: 0
... B127: 94 | G127: 0
C128: TOTAL DIRECT CHARGES (Sum of Program Expenses) | G128: =SUM(G66:G69,G71:G74,G76:G81,G83:G112,G114:G127) -> 0
C130: SUMMARY
C131: Category | G131: Total Amount
C133: Total Staffing Expenses | G133: =G60 -> 0
C134: Travel | G134: =SUM(G66:G69) -> 0
C135: Equipment | G135: =SUM(G71:G74) -> 0
C136: Supplies | G136: =SUM(G76:G81) -> 0
C137: Contractual/Consultant Costs | G137: =SUM(G83:G112) -> 0
C138: Other Expenses | G138: =SUM(G114:G127)-G140-G142 -> 0
C139: Program Maximum Allowable Indirect Costs | G139: =SUM(G133:G138)*D8 -> 0
C140: Indirect Costs | G140: =SUMIF(C114:C127,"Indirect Costs",G114:G127) -> 0
C141: Program Maximum Allowable County Support Administrative Direct Costs | G141: =G8*0.1 -> 683508.2
C142: County Support Administrative Direct Costs | G142: =SUMIF(C114:C127,"County Support Administrative Direct Costs",G114:G127) -> 0
C143: TOTAL COST OF PROGRAM | G143: =SUM(G133:G142)-G139-G141 -> 0

Sheet Program 5
C1: State of California - Health and Human Services Agency | E1: Department of Health Care Services
C2: Substance Use Prevention, Treatment, and Recovery Services Block Grant (SUBG)
C4: DETAILED PROGRAM BUDGET
C6: Type of Grant | D6: Substance Use Prevention, Treatment, and Recovery Services Block Grant | E6: SFY | G6: ='Allocation Sheet'!D10 -> SFY 2026-27
C7: County | D7: =_xlfn.LET(_xlpm.x,INDEX('Allocation Sheet'!C7:E7,1),IF(_xlpm.x="","",_xlpm.x)) -> Alameda | E7: Submission Date
C8: Current ICR | D8: ='Allocation Sheet'!C8 -> 0.1 | E8: Total SUBG Allocation | G8: ='Allocation Sheet'!D14 -> 6835082
C10: Program Information
C11: Program Name
C12: Fiscal Contact | E12: Phone
C13: Email Address
C14: Program Contact | E14: Phone
C15: Email Address
C17: Funding Source
C18: Discretionary | G18: 0
C19: Perinatal | G19: 0
C20: Adolescent/Youth | G20: 0
C21: Total Planned Allocation for Program: | G21: =SUM(G18:G20) -> 0
C23: DHCS Approval (For DHCS Staff Only)
C24: Analyst | E24: Date Approved
C26: I. Staffing Itemized Detail
C27: Title of Position (Align with County/Provider IUP) | E27: Annual Salary | F27: Grant FTE | G27: TotaI Not to Exceed
B29: 1 | C29: Personnel
B30: 2 | E30: 0 | F30: 0 | G30: =E30*F30 -> 0
B31: 3 | E31: 0 | F31: 0 | G31: =E31*F31 -> 0
B32: 4 | E32: 0 | F32: 0 | G32: =E32*F32 -> 0
B33: 5 | E33: 0 | F33: 0 | G33: =E33*F33 -> 0
B34: 6 | E34: 0 | F34: 0 | G34: =E34*F34 -> 0
B35: 7 | E35: 0 | F35: 0 | G35: =E35*F35 -> 0
B36: 8 | E36: 0 | F36: 0 | G36: =E36*F36 -> 0
B37: 9 | E37: 0 | F37: 0 | G37: =E37*F37 -> 0
B38: 10 | E38: 0 | F38: 0 | G38: =E38*F38 -> 0
B39: 11 | E39: 0 | F39: 0 | G39: =E39*F39 -> 0
B40: 12 | E40: 0 | F40: 0 | G40: =E40*F40 -> 0
B41: 13 | E41: 0 | F41: 0 | G41: =E41*F41 -> 0
... B58: 30 | E58: 0 | F58: 0 | G58: =E58*F58 -> 0
B59: 31 | C59: Fringe Benefits | G59: 0
C60: TOTAL STAFF EXPENSES | G60: =SUM(G30:G59) -> 0
C62: II. Program Expenses Itemized Detail
C63: Category | D63: Details | G63: Amount
B65: 32 | C65: Travel
B66: 33 | G66: 0
B67: 34 | G67: 0
B68: 35 | G68: 0
B69: 36 | G69: 0
B70: 37 | C70: Equipment
B71: 38 | G71: 0
B72: 39 | G72: 0
B73: 40 | G73: 0
B74: 41 | G74: 0
B75: 42 | C75: Supplies
B76: 43 | G76: 0
B77: 44 | G77: 0
B78: 45 | G78: 0
B79: 46 | G79: 0
B80: 47 | G80: 0
B81: 48 | G81: 0
B82: 49 | C82: Contractual/Consultant Costs
B83: 50 | G83: 0
B84: 51 | G84: 0
B85: 52 | G85: 0
B86: 53 | G86: 0
B87: 54 | G87: 0
B88: 55 | G88: 0
B89: 56 | G89: 0
B90: 57 | G90: 0
B91: 58 | G91: 0
B92: 59 | G92: 0
B93: 60 | G93: 0
B94: 61 | G94: 0
... B112: 79 | G112: 0
B113: 80 | C113: Other Expenses
B114: 81 | G114: 0
B115: 82 | G115: 0
B116: 83 | G116: 0
B117: 84 | G117: 0
B118: 85 | G118: 0
B119: 86 | G119: 0
B120: 87 | G120: 0
B121: 88 | G121: 0
B122: 89 | G122: 0
B123: 90 | G123: 0
B124: 91 | G124: 0
B125: 92 | G125: 0
... B127: 94 | G127: 0
C128: TOTAL DIRECT CHARGES (Sum of Program Expenses) | G128: =SUM(G66:G69,G71:G74,G76:G81,G83:G112,G114:G127) -> 0
C130: SUMMARY
C131: Category | G131: Total Amount
C133: Total Staffing Expenses | G133: =G60 -> 0
C134: Travel | G134: =SUM(G66:G69) -> 0
C135: Equipment | G135: =SUM(G71:G74) -> 0
C136: Supplies | G136: =SUM(G76:G81) -> 0
C137: Contractual/Consultant Costs | G137: =SUM(G83:G112) -> 0
C138: Other Expenses | G138: =SUM(G114:G127)-G140-G142 -> 0
C139: Program Maximum Allowable Indirect Costs | G139: =SUM(G133:G138)*D8 -> 0
C140: Indirect Costs | G140: =SUMIF(C114:C127,"Indirect Costs",G114:G127) -> 0
C141: Program Maximum Allowable County Support Administrative Direct Costs | G141: =G8*0.1 -> 683508.2
C142: County Support Administrative Direct Costs | G142: =SUMIF(C114:C127,"County Support Administrative Direct Costs",G114:G127) -> 0
C143: TOTAL COST OF PROGRAM | G143: =SUM(G133:G142)-G139-G141 -> 0

Sheet Program 6
C1: State of California - Health and Human Services Agency | E1: Department of Health Care Services
C2: Substance Use Prevention, Treatment, and Recovery Services Block Grant (SUBG)
C4: DETAILED PROGRAM BUDGET
C6: Type of Grant | D6: Substance Use Prevention, Treatment, and Recovery Services Block Grant | E6: SFY | G6: ='Allocation Sheet'!D10 -> SFY 2026-27
C7: County | D7: =_xlfn.LET(_xlpm.x,INDEX('Allocation Sheet'!C7:E7,1),IF(_xlpm.x="","",_xlpm.x)) -> Alameda | E7: Submission Date
C8: Current ICR | D8: ='Allocation Sheet'!C8 -> 0.1 | E8: Total SUBG Allocation | G8: ='Allocation Sheet'!D14 -> 6835082
C10: Program Information
C11: Program Name
C12: Fiscal Contact | E12: Phone
C13: Email Address
C14: Program Contact | E14: Phone
C15: Email Address
C17: Funding Source
C18: Discretionary | G18: 0
C19: Perinatal | G19: 0
C20: Adolescent/Youth | G20: 0
C21: Total Planned Allocation for Program: | G21: =SUM(G18:G20) -> 0
C23: DHCS Approval (For DHCS Staff Only)
C24: Analyst | E24: Date Approved
C26: I. Staffing Itemized Detail
C27: Title of Position (Align with County/Provider IUP) | E27: Annual Salary | F27: Grant FTE | G27: TotaI Not to Exceed
B29: 1 | C29: Personnel
B30: 2 | E30: 0 | F30: 0 | G30: =E30*F30 -> 0
B31: 3 | E31: 0 | F31: 0 | G31: =E31*F31 -> 0
B32: 4 | E32: 0 | F32: 0 | G32: =E32*F32 -> 0
B33: 5 | E33: 0 | F33: 0 | G33: =E33*F33 -> 0
B34: 6 | E34: 0 | F34: 0 | G34: =E34*F34 -> 0
B35: 7 | E35: 0 | F35: 0 | G35: =E35*F35 -> 0
B36: 8 | E36: 0 | F36: 0 | G36: =E36*F36 -> 0
B37: 9 | E37: 0 | F37: 0 | G37: =E37*F37 -> 0
B38: 10 | E38: 0 | F38: 0 | G38: =E38*F38 -> 0
B39: 11 | E39: 0 | F39: 0 | G39: =E39*F39 -> 0
B40: 12 | E40: 0 | F40: 0 | G40: =E40*F40 -> 0
B41: 13 | E41: 0 | F41: 0 | G41: =E41*F41 -> 0
... B58: 30 | E58: 0 | F58: 0 | G58: =E58*F58 -> 0
B59: 31 | C59: Fringe Benefits | G59: 0
C60: TOTAL STAFF EXPENSES | G60: =SUM(G30:G59) -> 0
C62: II. Program Expenses Itemized Detail
C63: Category | D63: Details | G63: Amount
B65: 32 | C65: Travel
B66: 33 | G66: 0
B67: 34 | G67: 0
B68: 35 | G68: 0
B69: 36 | G69: 0
B70: 37 | C70: Equipment
B71: 38 | G71: 0
B72: 39 | G72: 0
B73: 40 | G73: 0
B74: 41 | G74: 0
B75: 42 | C75: Supplies
B76: 43 | G76: 0
B77: 44 | G77: 0
B78: 45 | G78: 0
B79: 46 | G79: 0
B80: 47 | G80: 0
B81: 48 | G81: 0
B82: 49 | C82: Contractual/Consultant Costs
B83: 50 | G83: 0
B84: 51 | G84: 0
B85: 52 | G85: 0
B86: 53 | G86: 0
B87: 54 | G87: 0
B88: 55 | G88: 0
B89: 56 | G89: 0
B90: 57 | G90: 0
B91: 58 | G91: 0
B92: 59 | G92: 0
B93: 60 | G93: 0
B94: 61 | G94: 0
... B112: 79 | G112: 0
B113: 80 | C113: Other Expenses
B114: 81 | G114: 0
B115: 82 | G115: 0
B116: 83 | G116: 0
B117: 84 | G117: 0
B118: 85 | G118: 0
B119: 86 | G119: 0
B120: 87 | G120: 0
B121: 88 | G121: 0
B122: 89 | G122: 0
B123: 90 | G123: 0
B124: 91 | G124: 0
B125: 92 | G125: 0
... B127: 94 | G127: 0
C128: TOTAL DIRECT CHARGES (Sum of Program Expenses) | G128: =SUM(G66:G69,G71:G74,G76:G81,G83:G112,G114:G127) -> 0
C130: SUMMARY
C131: Category | G131: Total Amount
C133: Total Staffing Expenses | G133: =G60 -> 0
C134: Travel | G134: =SUM(G66:G69) -> 0
C135: Equipment | G135: =SUM(G71:G74) -> 0
C136: Supplies | G136: =SUM(G76:G81) -> 0
C137: Contractual/Consultant Costs | G137: =SUM(G83:G112) -> 0
C138: Other Expenses | G138: =SUM(G114:G127)-G140-G142 -> 0
C139: Program Maximum Allowable Indirect Costs | G139: =SUM(G133:G138)*D8 -> 0
C140: Indirect Costs | G140: =SUMIF(C114:C127,"Indirect Costs",G114:G127) -> 0
C141: Program Maximum Allowable County Support Administrative Direct Costs | G141: =G8*0.1 -> 683508.2
C142: County Support Administrative Direct Costs | G142: =SUMIF(C114:C127,"County Support Administrative Direct Costs",G114:G127) -> 0
C143: TOTAL COST OF PROGRAM | G143: =SUM(G133:G142)-G139-G141 -> 0

Sheet Program 7
C1: State of California - Health and Human Services Agency | E1: Department of Health Care Services
C2: Substance Use Prevention, Treatment, and Recovery Services Block Grant (SUBG)
C4: DETAILED PROGRAM BUDGET
C6: Type of Grant | D6: Substance Use Prevention, Treatment, and Recovery Services Block Grant | E6: SFY | G6: ='Allocation Sheet'!D10 -> SFY 2026-27
C7: County | D7: =_xlfn.LET(_xlpm.x,INDEX('Allocation Sheet'!C7:E7,1),IF(_xlpm.x="","",_xlpm.x)) -> Alameda | E7: Submission Date
C8: Current ICR | D8: ='Allocation Sheet'!C8 -> 0.1 | E8: Total SUBG Allocation | G8: ='Allocation Sheet'!D14 -> 6835082
C10: Program Information
C11: Program Name
C12: Fiscal Contact | E12: Phone
C13: Email Address
C14: Program Contact | E14: Phone
C15: Email Address
C17: Funding Source
C18: Discretionary | G18: 0
C19: Perinatal | G19: 0
C20: Adolescent/Youth | G20: 0
C21: Total Planned Allocation for Program: | G21: =SUM(G18:G20) -> 0
C23: DHCS Approval (For DHCS Staff Only)
C24: Analyst | E24: Date Approved
C26: I. Staffing Itemized Detail
C27: Title of Position (Align with County/Provider IUP) | E27: Annual Salary | F27: Grant FTE | G27: TotaI Not to Exceed
B29: 1 | C29: Personnel
B30: 2 | E30: 0 | F30: 0 | G30: =E30*F30 -> 0
B31: 3 | E31: 0 | F31: 0 | G31: =E31*F31 -> 0
B32: 4 | E32: 0 | F32: 0 | G32: =E32*F32 -> 0
B33: 5 | E33: 0 | F33: 0 | G33: =E33*F33 -> 0
B34: 6 | E34: 0 | F34: 0 | G34: =E34*F34 -> 0
B35: 7 | E35: 0 | F35: 0 | G35: =E35*F35 -> 0
B36: 8 | E36: 0 | F36: 0 | G36: =E36*F36 -> 0
B37: 9 | E37: 0 | F37: 0 | G37: =E37*F37 -> 0
B38: 10 | E38: 0 | F38: 0 | G38: =E38*F38 -> 0
B39: 11 | E39: 0 | F39: 0 | G39: =E39*F39 -> 0
B40: 12 | E40: 0 | F40: 0 | G40: =E40*F40 -> 0
B41: 13 | E41: 0 | F41: 0 | G41: =E41*F41 -> 0
... B58: 30 | E58: 0 | F58: 0 | G58: =E58*F58 -> 0
B59: 31 | C59: Fringe Benefits | G59: 0
C60: TOTAL STAFF EXPENSES | G60: =SUM(G30:G59) -> 0
C62: II. Program Expenses Itemized Detail
C63: Category | D63: Details | G63: Amount
B65: 32 | C65: Travel
B66: 33 | G66: 0
B67: 34 | G67: 0
B68: 35 | G68: 0
B69: 36 | G69: 0
B70: 37 | C70: Equipment
B71: 38 | G71: 0
B72: 39 | G72: 0
B73: 40 | G73: 0
B74: 41 | G74: 0
B75: 42 | C75: Supplies
B76: 43 | G76: 0
B77: 44 | G77: 0
B78: 45 | G78: 0
B79: 46 | G79: 0
B80: 47 | G80: 0
B81: 48 | G81: 0
B82: 49 | C82: Contractual/Consultant Costs
B83: 50 | G83: 0
B84: 51 | G84: 0
B85: 52 | G85: 0
B86: 53 | G86: 0
B87: 54 | G87: 0
B88: 55 | G88: 0
B89: 56 | G89: 0
B90: 57 | G90: 0
B91: 58 | G91: 0
B92: 59 | G92: 0
B93: 60 | G93: 0
B94: 61 | G94: 0
... B112: 79 | G112: 0
B113: 80 | C113: Other Expenses
B114: 81 | G114: 0
B115: 82 | G115: 0
B116: 83 | G116: 0
B117: 84 | G117: 0
B118: 85 | G118: 0
B119: 86 | G119: 0
B120: 87 | G120: 0
B121: 88 | G121: 0
B122: 89 | G122: 0
B123: 90 | G123: 0
B124: 91 | G124: 0
B125: 92 | G125: 0
... B127: 94 | G127: 0
C128: TOTAL DIRECT CHARGES (Sum of Program Expenses) | G128: =SUM(G66:G69,G71:G74,G76:G81,G83:G112,G114:G127) -> 0
C130: SUMMARY
C131: Category | G131: Total Amount
C133: Total Staffing Expenses | G133: =G60 -> 0
C134: Travel | G134: =SUM(G66:G69) -> 0
C135: Equipment | G135: =SUM(G71:G74) -> 0
C136: Supplies | G136: =SUM(G76:G81) -> 0
C137: Contractual/Consultant Costs | G137: =SUM(G83:G112) -> 0
C138: Other Expenses | G138: =SUM(G114:G127)-G140-G142 -> 0
C139: Program Maximum Allowable Indirect Costs | G139: =SUM(G133:G138)*D8 -> 0
C140: Indirect Costs | G140: =SUMIF(C114:C127,"Indirect Costs",G114:G127) -> 0
C141: Program Maximum Allowable County Support Administrative Direct Costs | G141: =G8*0.1 -> 683508.2
C142: County Support Administrative Direct Costs | G142: =SUMIF(C114:C127,"County Support Administrative Direct Costs",G114:G127) -> 0
C143: TOTAL COST OF PROGRAM | G143: =SUM(G133:G142)-G139-G141 -> 0

Sheet Program 8
C1: State of California - Health and Human Services Agency | E1: Department of Health Care Services
C2: Substance Use Prevention, Treatment, and Recovery Services Block Grant (SUBG)
C4: DETAILED PROGRAM BUDGET
C6: Type of Grant | D6: Substance Use Prevention, Treatment, and Recovery Services Block Grant | E6: SFY | G6: ='Allocation Sheet'!D10 -> SFY 2026-27
C7: County | D7: =_xlfn.LET(_xlpm.x,INDEX('Allocation Sheet'!C7:E7,1),IF(_xlpm.x="","",_xlpm.x)) -> Alameda | E7: Submission Date
C8: Current ICR | D8: ='Allocation Sheet'!C8 -> 0.1 | E8: Total SUBG Allocation | G8: ='Allocation Sheet'!D14 -> 6835082
C10: Program Information
C11: Program Name
C12: Fiscal Contact | E12: Phone
C13: Email Address
C14: Program Contact | E14: Phone
C15: Email Address
C17: Funding Source
C18: Discretionary | G18: 0
C19: Perinatal | G19: 0
C20: Adolescent/Youth | G20: 0
C21: Total Planned Allocation for Program: | G21: =SUM(G18:G20) -> 0
C23: DHCS Approval (For DHCS Staff Only)
C24: Analyst | E24: Date Approved
C26: I. Staffing Itemized Detail
C27: Title of Position (Align with County/Provider IUP) | E27: Annual Salary | F27: Grant FTE | G27: TotaI Not to Exceed
B29: 1 | C29: Personnel
B30: 2 | E30: 0 | F30: 0 | G30: =E30*F30 -> 0
B31: 3 | E31: 0 | F31: 0 | G31: =E31*F31 -> 0
B32: 4 | E32: 0 | F32: 0 | G32: =E32*F32 -> 0
B33: 5 | E33: 0 | F33: 0 | G33: =E33*F33 -> 0
B34: 6 | E34: 0 | F34: 0 | G34: =E34*F34 -> 0
B35: 7 | E35: 0 | F35: 0 | G35: =E35*F35 -> 0
B36: 8 | E36: 0 | F36: 0 | G36: =E36*F36 -> 0
B37: 9 | E37: 0 | F37: 0 | G37: =E37*F37 -> 0
B38: 10 | E38: 0 | F38: 0 | G38: =E38*F38 -> 0
B39: 11 | E39: 0 | F39: 0 | G39: =E39*F39 -> 0
B40: 12 | E40: 0 | F40: 0 | G40: =E40*F40 -> 0
B41: 13 | E41: 0 | F41: 0 | G41: =E41*F41 -> 0
... B58: 30 | E58: 0 | F58: 0 | G58: =E58*F58 -> 0
B59: 31 | C59: Fringe Benefits | G59: 0
C60: TOTAL STAFF EXPENSES | G60: =SUM(G30:G59) -> 0
C62: II. Program Expenses Itemized Detail
C63: Category | D63: Details | G63: Amount
B65: 32 | C65: Travel
B66: 33 | G66: 0
B67: 34 | G67: 0
B68: 35 | G68: 0
B69: 36 | G69: 0
B70: 37 | C70: Equipment
B71: 38 | G71: 0
B72: 39 | G72: 0
B73: 40 | G73: 0
B74: 41 | G74: 0
B75: 42 | C75: Supplies
B76: 43 | G76: 0
B77: 44 | G77: 0
B78: 45 | G78: 0
B79: 46 | G79: 0
B80: 47 | G80: 0
B81: 48 | G81: 0
B82: 49 | C82: Contractual/Consultant Costs
B83: 50 | G83: 0
B84: 51 | G84: 0
B85: 52 | G85: 0
B86: 53 | G86: 0
B87: 54 | G87: 0
B88: 55 | G88: 0
B89: 56 | G89: 0
B90: 57 | G90: 0
B91: 58 | G91: 0
B92: 59 | G92: 0
B93: 60 | G93: 0
B94: 61 | G94: 0
... B112: 79 | G112: 0
B113: 80 | C113: Other Expenses
B114: 81 | G114: 0
B115: 82 | G115: 0
B116: 83 | G116: 0
B117: 84 | G117: 0
B118: 85 | G118: 0
B119: 86 | G119: 0
B120: 87 | G120: 0
B121: 88 | G121: 0
B122: 89 | G122: 0
B123: 90 | G123: 0
B124: 91 | G124: 0
B125: 92 | G125: 0
... B127: 94 | G127: 0
C128: TOTAL DIRECT CHARGES (Sum of Program Expenses) | G128: =SUM(G66:G69,G71:G74,G76:G81,G83:G112,G114:G127) -> 0
C130: SUMMARY
C131: Category | G131: Total Amount
C133: Total Staffing Expenses | G133: =G60 -> 0
C134: Travel | G134: =SUM(G66:G69) -> 0
C135: Equipment | G135: =SUM(G71:G74) -> 0
C136: Supplies | G136: =SUM(G76:G81) -> 0
C137: Contractual/Consultant Costs | G137: =SUM(G83:G112) -> 0
C138: Other Expenses | G138: =SUM(G114:G127)-G140-G142 -> 0
C139: Program Maximum Allowable Indirect Costs | G139: =SUM(G133:G138)*D8 -> 0
C140: Indirect Costs | G140: =SUMIF(C114:C127,"Indirect Costs",G114:G127) -> 0
C141: Program Maximum Allowable County Support Administrative Direct Costs | G141: =G8*0.1 -> 683508.2
C142: County Support Administrative Direct Costs | G142: =SUMIF(C114:C127,"County Support Administrative Direct Costs",G114:G127) -> 0
C143: TOTAL COST OF PROGRAM | G143: =SUM(G133:G142)-G139-G141 -> 0

Sheet Program 9
C1: State of California - Health and Human Services Agency | E1: Department of Health Care Services
C2: Substance Use Prevention, Treatment, and Recovery Services Block Grant (SUBG)
C4: DETAILED PROGRAM BUDGET
C6: Type of Grant | D6: Substance Use Prevention, Treatment, and Recovery Services Block Grant | E6: SFY | G6: ='Allocation Sheet'!D10 -> SFY 2026-27
C7: County | D7: =_xlfn.LET(_xlpm.x,INDEX('Allocation Sheet'!C7:E7,1),IF(_xlpm.x="","",_xlpm.x)) -> Alameda | E7: Submission Date
C8: Current ICR | D8: ='Allocation Sheet'!C8 -> 0.1 | E8: Total SUBG Allocation | G8: ='Allocation Sheet'!D14 -> 6835082
C10: Program Information
C11: Program Name
C12: Fiscal Contact | E12: Phone
C13: Email Address
C14: Program Contact | E14: Phone
C15: Email Address
C17: Funding Source
C18: Discretionary | G18: 0
C19: Perinatal | G19: 0
C20: Adolescent/Youth | G20: 0
C21: Total Planned Allocation for Program: | G21: =SUM(G18:G20) -> 0
C23: DHCS Approval (For DHCS Staff Only)
C24: Analyst | E24: Date Approved
C26: I. Staffing Itemized Detail
C27: Title of Position (Align with County/Provider IUP) | E27: Annual Salary | F27: Grant FTE | G27: TotaI Not to Exceed
B29: 1 | C29: Personnel
B30: 2 | E30: 0 | F30: 0 | G30: =E30*F30 -> 0
B31: 3 | E31: 0 | F31: 0 | G31: =E31*F31 -> 0
B32: 4 | E32: 0 | F32: 0 | G32: =E32*F32 -> 0
B33: 5 | E33: 0 | F33: 0 | G33: =E33*F33 -> 0
B34: 6 | E34: 0 | F34: 0 | G34: =E34*F34 -> 0
B35: 7 | E35: 0 | F35: 0 | G35: =E35*F35 -> 0
B36: 8 | E36: 0 | F36: 0 | G36: =E36*F36 -> 0
B37: 9 | E37: 0 | F37: 0 | G37: =E37*F37 -> 0
B38: 10 | E38: 0 | F38: 0 | G38: =E38*F38 -> 0
B39: 11 | E39: 0 | F39: 0 | G39: =E39*F39 -> 0
B40: 12 | E40: 0 | F40: 0 | G40: =E40*F40 -> 0
B41: 13 | E41: 0 | F41: 0 | G41: =E41*F41 -> 0
... B58: 30 | E58: 0 | F58: 0 | G58: =E58*F58 -> 0
B59: 31 | C59: Fringe Benefits | G59: 0
C60: TOTAL STAFF EXPENSES | G60: =SUM(G30:G59) -> 0
C62: II. Program Expenses Itemized Detail
C63: Category | D63: Details | G63: Amount
B65: 32 | C65: Travel
B66: 33 | G66: 0
B67: 34 | G67: 0
B68: 35 | G68: 0
B69: 36 | G69: 0
B70: 37 | C70: Equipment
B71: 38 | G71: 0
B72: 39 | G72: 0
B73: 40 | G73: 0
B74: 41 | G74: 0
B75: 42 | C75: Supplies
B76: 43 | G76: 0
B77: 44 | G77: 0
B78: 45 | G78: 0
B79: 46 | G79: 0
B80: 47 | G80: 0
B81: 48 | G81: 0
B82: 49 | C82: Contractual/Consultant Costs
B83: 50 | G83: 0
B84: 51 | G84: 0
B85: 52 | G85: 0
B86: 53 | G86: 0
B87: 54 | G87: 0
B88: 55 | G88: 0
B89: 56 | G89: 0
B90: 57 | G90: 0
B91: 58 | G91: 0
B92: 59 | G92: 0
B93: 60 | G93: 0
B94: 61 | G94: 0
... B112: 79 | G112: 0
B113: 80 | C113: Other Expenses
B114: 81 | G114: 0
B115: 82 | G115: 0
B116: 83 | G116: 0
B117: 84 | G117: 0
B118: 85 | G118: 0
B119: 86 | G119: 0
B120: 87 | G120: 0
B121: 88 | G121: 0
B122: 89 | G122: 0
B123: 90 | G123: 0
B124: 91 | G124: 0
B125: 92 | G125: 0
... B127: 94 | G127: 0
C128: TOTAL DIRECT CHARGES (Sum of Program Expenses) | G128: =SUM(G66:G69,G71:G74,G76:G81,G83:G112,G114:G127) -> 0
C130: SUMMARY
C131: Category | G131: Total Amount
C133: Total Staffing Expenses | G133: =G60 -> 0
C134: Travel | G134: =SUM(G66:G69) -> 0
C135: Equipment | G135: =SUM(G71:G74) -> 0
C136: Supplies | G136: =SUM(G76:G81) -> 0
C137: Contractual/Consultant Costs | G137: =SUM(G83:G112) -> 0
C138: Other Expenses | G138: =SUM(G114:G127)-G140-G142 -> 0
C139: Program Maximum Allowable Indirect Costs | G139: =SUM(G133:G138)*D8 -> 0
C140: Indirect Costs | G140: =SUMIF(C114:C127,"Indirect Costs",G114:G127) -> 0
C141: Program Maximum Allowable County Support Administrative Direct Costs | G141: =G8*0.1 -> 683508.2
C142: County Support Administrative Direct Costs | G142: =SUMIF(C114:C127,"County Support Administrative Direct Costs",G114:G127) -> 0
C143: TOTAL COST OF PROGRAM | G143: =SUM(G133:G142)-G139-G141 -> 0

Sheet Program 10
C1: State of California - Health and Human Services Agency | E1: Department of Health Care Services
C2: Substance Use Prevention, Treatment, and Recovery Services Block Grant (SUBG)
C4: DETAILED PROGRAM BUDGET
C6: Type of Grant | D6: Substance Use Prevention, Treatment, and Recovery Services Block Grant | E6: SFY | G6: ='Allocation Sheet'!D10 -> SFY 2026-27
C7: County | D7: =_xlfn.LET(_xlpm.x,INDEX('Allocation Sheet'!C7:E7,1),IF(_xlpm.x="","",_xlpm.x)) -> Alameda | E7: Submission Date
C8: Current ICR | D8: ='Allocation Sheet'!C8 -> 0.1 | E8: Total SUBG Allocation | G8: ='Allocation Sheet'!D14 -> 6835082
C10: Program Information
C11: Program Name
C12: Fiscal Contact | E12: Phone
C13: Email Address
C14: Program Contact | E14: Phone
C15: Email Address
C17: Funding Source
C18: Discretionary | G18: 0
C19: Perinatal | G19: 0
C20: Adolescent/Youth | G20: 0
C21: Total Planned Allocation for Program: | G21: =SUM(G18:G20) -> 0
C23: DHCS Approval (For DHCS Staff Only)
C24: Analyst | E24: Date Approved
C26: I. Staffing Itemized Detail
C27: Title of Position (Align with County/Provider IUP) | E27: Annual Salary | F27: Grant FTE | G27: TotaI Not to Exceed
B29: 1 | C29: Personnel
B30: 2 | E30: 0 | F30: 0 | G30: =E30*F30 -> 0
B31: 3 | E31: 0 | F31: 0 | G31: =E31*F31 -> 0
B32: 4 | E32: 0 | F32: 0 | G32: =E32*F32 -> 0
B33: 5 | E33: 0 | F33: 0 | G33: =E33*F33 -> 0
B34: 6 | E34: 0 | F34: 1 | G34: =E34*F34 -> 0
B35: 7 | E35: 0 | F35: 0 | G35: =E35*F35 -> 0
B36: 8 | E36: 0 | F36: 0 | G36: =E36*F36 -> 0
B37: 9 | E37: 0 | F37: 0 | G37: =E37*F37 -> 0
B38: 10 | E38: 0 | F38: 0 | G38: =E38*F38 -> 0
B39: 11 | E39: 0 | F39: 0 | G39: =E39*F39 -> 0
B40: 12 | E40: 0 | F40: 0 | G40: =E40*F40 -> 0
B41: 13 | E41: 0 | F41: 0 | G41: =E41*F41 -> 0
... B58: 30 | E58: 0 | F58: 0 | G58: =E58*F58 -> 0
B59: 31 | C59: Fringe Benefits | G59: 0
C60: TOTAL STAFF EXPENSES | G60: =SUM(G30:G59) -> 0
C62: II. Program Expenses Itemized Detail
C63: Category | D63: Details | G63: Amount
B65: 32 | C65: Travel
B66: 33 | G66: 0
B67: 34 | G67: 0
B68: 35 | G68: 0
B69: 36 | G69: 0
B70: 37 | C70: Equipment
B71: 38 | G71: 0
B72: 39 | G72: 0
B73: 40 | G73: 0
B74: 41 | G74: 0
B75: 42 | C75: Supplies
B76: 43 | G76: 0
B77: 44 | G77: 0
B78: 45 | G78: 0
B79: 46 | G79: 0
B80: 47 | G80: 0
B81: 48 | G81: 0
B82: 49 | C82: Contractual/Consultant Costs
B83: 50 | G83: 0
B84: 51 | G84: 0
B85: 52 | G85: 0
B86: 53 | G86: 0
B87: 54 | G87: 0
B88: 55 | G88: 0
B89: 56 | G89: 0
B90: 57 | G90: 0
B91: 58 | G91: 0
B92: 59 | G92: 0
B93: 60 | G93: 0
B94: 61 | G94: 0
... B112: 79 | G112: 0
B113: 80 | C113: Other Expenses
B114: 81 | G114: 0
B115: 82 | G115: 0
B116: 83 | G116: 0
B117: 84 | G117: 0
B118: 85 | G118: 0
B119: 86 | G119: 0
B120: 87 | G120: 0
B121: 88 | G121: 0
B122: 89 | G122: 0
B123: 90 | G123: 0
B124: 91 | G124: 0
B125: 92 | G125: 0
... B127: 94 | G127: 0
C128: TOTAL DIRECT CHARGES (Sum of Program Expenses) | G128: =SUM(G66:G69,G71:G74,G76:G81,G83:G112,G114:G127) -> 0
C130: SUMMARY
C131: Category | G131: Total Amount
C133: Total Staffing Expenses | G133: =G60 -> 0
C134: Travel | G134: =SUM(G66:G69) -> 0
C135: Equipment | G135: =SUM(G71:G74) -> 0
C136: Supplies | G136: =SUM(G76:G81) -> 0
C137: Contractual/Consultant Costs | G137: =SUM(G83:G112) -> 0
C138: Other Expenses | G138: =SUM(G114:G127)-G140-G142 -> 0
C139: Program Maximum Allowable Indirect Costs | G139: =SUM(G133:G138)*D8 -> 0
C140: Indirect Costs | G140: =SUMIF(C114:C127,"Indirect Costs",G114:G127) -> 0
C141: Program Maximum Allowable County Support Administrative Direct Costs | G141: =G8*0.1 -> 683508.2
C142: County Support Administrative Direct Costs | G142: =SUMIF(C114:C127,"County Support Administrative Direct Costs",G114:G127) -> 0
C143: TOTAL COST OF PROGRAM | G143: =SUM(G133:G142)-G139-G141 -> 0

Sheet Program 11
C1: State of California - Health and Human Services Agency | E1: Department of Health Care Services
C2: Substance Use Prevention, Treatment, and Recovery Services Block Grant (SUBG)
C4: DETAILED PROGRAM BUDGET
C6: Type of Grant | D6: Substance Use Prevention, Treatment, and Recovery Services Block Grant | E6: SFY | G6: ='Allocation Sheet'!D10 -> SFY 2026-27
C7: County | D7: =_xlfn.LET(_xlpm.x,INDEX('Allocation Sheet'!C7:E7,1),IF(_xlpm.x="","",_xlpm.x)) -> Alameda | E7: Submission Date
C8: Current ICR | D8: ='Allocation Sheet'!C8 -> 0.1 | E8: Total SUBG Allocation | G8: ='Allocation Sheet'!D14 -> 6835082
C10: Program Information
C11: Program Name
C12: Fiscal Contact | E12: Phone
C13: Email Address
C14: Program Contact | E14: Phone
C15: Email Address
C17: Funding Source
C18: Discretionary | G18: 0
C19: Perinatal | G19: 0
C20: Adolescent/Youth | G20: 0
C21: Total Planned Allocation for Program: | G21: =SUM(G18:G20) -> 0
C23: DHCS Approval (For DHCS Staff Only)
C24: Analyst | E24: Date Approved
C26: I. Staffing Itemized Detail
C27: Title of Position (Align with County/Provider IUP) | E27: Annual Salary | F27: Grant FTE | G27: TotaI Not to Exceed
B29: 1 | C29: Personnel
B30: 2 | E30: 0 | F30: 0 | G30: =E30*F30 -> 0
B31: 3 | E31: 0 | F31: 0 | G31: =E31*F31 -> 0
B32: 4 | E32: 0 | F32: 0 | G32: =E32*F32 -> 0
B33: 5 | E33: 0 | F33: 0 | G33: =E33*F33 -> 0
B34: 6 | E34: 0 | F34: 0 | G34: =E34*F34 -> 0
B35: 7 | E35: 0 | F35: 0 | G35: =E35*F35 -> 0
B36: 8 | E36: 0 | F36: 0 | G36: =E36*F36 -> 0
B37: 9 | E37: 0 | F37: 0 | G37: =E37*F37 -> 0
B38: 10 | E38: 0 | F38: 0 | G38: =E38*F38 -> 0
B39: 11 | E39: 0 | F39: 0 | G39: =E39*F39 -> 0
B40: 12 | E40: 0 | F40: 0 | G40: =E40*F40 -> 0
B41: 13 | E41: 0 | F41: 0 | G41: =E41*F41 -> 0
... B58: 30 | E58: 0 | F58: 0 | G58: =E58*F58 -> 0
B59: 31 | C59: Fringe Benefits | G59: 0
C60: TOTAL STAFF EXPENSES | G60: =SUM(G30:G59) -> 0
C62: II. Program Expenses Itemized Detail
C63: Category | D63: Details | G63: Amount
B65: 32 | C65: Travel
B66: 33 | G66: 0
B67: 34 | G67: 0
B68: 35 | G68: 0
B69: 36 | G69: 0
B70: 37 | C70: Equipment
B71: 38 | G71: 0
B72: 39 | G72: 0
B73: 40 | G73: 0
B74: 41 | G74: 0
B75: 42 | C75: Supplies
B76: 43 | G76: 0
B77: 44 | G77: 0
B78: 45 | G78: 0
B79: 46 | G79: 0
B80: 47 | G80: 0
B81: 48 | G81: 0
B82: 49 | C82: Contractual/Consultant Costs
B83: 50 | G83: 0
B84: 51 | G84: 0
B85: 52 | G85: 0
B86: 53 | G86: 0
B87: 54 | G87: 0
B88: 55 | G88: 0
B89: 56 | G89: 0
B90: 57 | G90: 0
B91: 58 | G91: 0
B92: 59 | G92: 0
B93: 60 | G93: 0
B94: 61 | G94: 0
... B112: 79 | G112: 0
B113: 80 | C113: Other Expenses
B114: 81 | G114: 0
B115: 82 | G115: 0
B116: 83 | G116: 0
B117: 84 | G117: 0
B118: 85 | G118: 0
B119: 86 | G119: 0
B120: 87 | G120: 0
B121: 88 | G121: 0
B122: 89 | G122: 0
B123: 90 | G123: 0
B124: 91 | G124: 0
B125: 92 | G125: 0
... B127: 94 | G127: 0
C128: TOTAL DIRECT CHARGES (Sum of Program Expenses) | G128: =SUM(G66:G69,G71:G74,G76:G81,G83:G112,G114:G127) -> 0
C130: SUMMARY
C131: Category | G131: Total Amount
C133: Total Staffing Expenses | G133: =G60 -> 0
C134: Travel | G134: =SUM(G66:G69) -> 0
C135: Equipment | G135: =SUM(G71:G74) -> 0
C136: Supplies | G136: =SUM(G76:G81) -> 0
C137: Contractual/Consultant Costs | G137: =SUM(G83:G112) -> 0
C138: Other Expenses | G138: =SUM(G114:G127)-G140-G142 -> 0
C139: Program Maximum Allowable Indirect Costs | G139: =SUM(G133:G138)*D8 -> 0
C140: Indirect Costs | G140: =SUMIF(C114:C127,"Indirect Costs",G114:G127) -> 0
C141: Program Maximum Allowable County Support Administrative Direct Costs | G141: =G8*0.1 -> 683508.2
C142: County Support Administrative Direct Costs | G142: =SUMIF(C114:C127,"County Support Administrative Direct Costs",G114:G127) -> 0
C143: TOTAL COST OF PROGRAM | G143: =SUM(G133:G142)-G139-G141 -> 0

Sheet Program 12
C1: State of California - Health and Human Services Agency | E1: Department of Health Care Services
C2: Substance Use Prevention, Treatment, and Recovery Services Block Grant (SUBG)
C4: DETAILED PROGRAM BUDGET
C6: Type of Grant | D6: Substance Use Prevention, Treatment, and Recovery Services Block Grant | E6: SFY | G6: ='Allocation Sheet'!D10 -> SFY 2026-27
C7: County | D7: =_xlfn.LET(_xlpm.x,INDEX('Allocation Sheet'!C7:E7,1),IF(_xlpm.x="","",_xlpm.x)) -> Alameda | E7: Submission Date
C8: Current ICR | D8: ='Allocation Sheet'!C8 -> 0.1 | E8: Total SUBG Allocation | G8: ='Allocation Sheet'!D14 -> 6835082
C10: Program Information
C11: Program Name
C12: Fiscal Contact | E12: Phone
C13: Email Address
C14: Program Contact | E14: Phone
C15: Email Address
C17: Funding Source
C18: Discretionary | G18: 0
C19: Perinatal | G19: 0
C20: Adolescent/Youth | G20: 0
C21: Total Planned Allocation for Program: | G21: =SUM(G18:G20) -> 0
C23: DHCS Approval (For DHCS Staff Only)
C24: Analyst | E24: Date Approved
C26: I. Staffing Itemized Detail
C27: Title of Position (Align with County/Provider IUP) | E27: Annual Salary | F27: Grant FTE | G27: TotaI Not to Exceed
B29: 1 | C29: Personnel
B30: 2 | E30: 0 | F30: 0 | G30: =E30*F30 -> 0
B31: 3 | E31: 0 | F31: 0 | G31: =E31*F31 -> 0
B32: 4 | E32: 0 | F32: 0.5 | G32: =E32*F32 -> 0
B33: 5 | E33: 0 | F33: 0 | G33: =E33*F33 -> 0
B34: 6 | E34: 0 | F34: 0 | G34: =E34*F34 -> 0
B35: 7 | E35: 0 | F35: 0 | G35: =E35*F35 -> 0
B36: 8 | E36: 0 | F36: 0 | G36: =E36*F36 -> 0
B37: 9 | E37: 0 | F37: 0 | G37: =E37*F37 -> 0
B38: 10 | E38: 0 | F38: 0 | G38: =E38*F38 -> 0
B39: 11 | E39: 0 | F39: 0 | G39: =E39*F39 -> 0
B40: 12 | E40: 0 | F40: 0 | G40: =E40*F40 -> 0
B41: 13 | E41: 0 | F41: 0 | G41: =E41*F41 -> 0
... B58: 30 | E58: 0 | F58: 0 | G58: =E58*F58 -> 0
B59: 31 | C59: Fringe Benefits | G59: 0
C60: TOTAL STAFF EXPENSES | G60: =SUM(G30:G59) -> 0
C62: II. Program Expenses Itemized Detail
C63: Category | D63: Details | G63: Amount
B65: 32 | C65: Travel
B66: 33 | G66: 0
B67: 34 | G67: 0
B68: 35 | G68: 0
B69: 36 | G69: 0
B70: 37 | C70: Equipment
B71: 38 | G71: 0
B72: 39 | G72: 0
B73: 40 | G73: 0
B74: 41 | G74: 0
B75: 42 | C75: Supplies
B76: 43 | G76: 0
B77: 44 | G77: 0
B78: 45 | G78: 0
B79: 46 | G79: 0
B80: 47 | G80: 0
B81: 48 | G81: 0
B82: 49 | C82: Contractual/Consultant Costs
B83: 50 | G83: 0
B84: 51 | G84: 0
B85: 52 | G85: 0
B86: 53 | G86: 0
B87: 54 | G87: 0
B88: 55 | G88: 0
B89: 56 | G89: 0
B90: 57 | G90: 0
B91: 58 | G91: 0
B92: 59 | G92: 0
B93: 60 | G93: 0
B94: 61 | G94: 0
... B112: 79 | G112: 0
B113: 80 | C113: Other Expenses
B114: 81 | G114: 0
B115: 82 | G115: 0
B116: 83 | G116: 0
B117: 84 | G117: 0
B118: 85 | G118: 0
B119: 86 | G119: 0
B120: 87 | G120: 0
B121: 88 | G121: 0
B122: 89 | G122: 0
B123: 90 | G123: 0
B124: 91 | G124: 0
B125: 92 | G125: 0
... B127: 94 | G127: 0
C128: TOTAL DIRECT CHARGES (Sum of Program Expenses) | G128: =SUM(G66:G69,G71:G74,G76:G81,G83:G112,G114:G127) -> 0
C130: SUMMARY
C131: Category | G131: Total Amount
C133: Total Staffing Expenses | G133: =G60 -> 0
C134: Travel | G134: =SUM(G66:G69) -> 0
C135: Equipment | G135: =SUM(G71:G74) -> 0
C136: Supplies | G136: =SUM(G76:G81) -> 0
C137: Contractual/Consultant Costs | G137: =SUM(G83:G112) -> 0
C138: Other Expenses | G138: =SUM(G114:G127)-G140-G142 -> 0
C139: Program Maximum Allowable Indirect Costs | G139: =SUM(G133:G138)*D8 -> 0
C140: Indirect Costs | G140: =SUMIF(C114:C127,"Indirect Costs",G114:G127) -> 0
C141: Program Maximum Allowable County Support Administrative Direct Costs | G141: =G8*0.1 -> 683508.2
C142: County Support Administrative Direct Costs | G142: =SUMIF(C114:C127,"County Support Administrative Direct Costs",G114:G127) -> 0
C143: TOTAL COST OF PROGRAM | G143: =SUM(G133:G142)-G139-G141 -> 0

Sheet Summary
A1: State of California - Health and Human Services Agency | E1: Department of Health Care Services
A2: Substance Use Prevention, Treatment, and Recovery Services Block Grant (SUBG) | E2: v1.2026
B4: WORKBOOK SUMMARY SHEET
B6: State Fiscal Year | C6: {='Allocation Sheet'!D10:D10} -> SFY 2026-27
B7: County | C7: =_xlfn.LET(_xlpm.x,INDEX('Allocation Sheet'!C7:E7,1),IF(_xlpm.x="","",_xlpm.x)) -> Alameda
B8: Current ICR | C8: ='Allocation Sheet'!C8 -> 0.1
B10: Allocation | C10: Total Proposed Allocation | D10: Budgeted Amount
B11: Discretionary | C11: {='Allocation Sheet'!D11:D11} -> 4890254 | D11: ='Program 1'!G18+'Program 2'!G18+'Program 3'!G18+'Program 4'!G18+'Program 5'!G18+'Program 6'!G18+'Program 7'!G18+'Program 8'!G18+'Program 9'!G18+'Program 10'!G18+'Program 11'!G18+'Program 12'!G18 -> 4890254
B12: Perinatal | C12: {='Allocation Sheet'!D12:D12} -> 1532698 | D12: ='Program 1'!G19+'Program 2'!G19+'Program 3'!G19+'Program 4'!G19+'Program 5'!G19+'Program 6'!G19+'Program 7'!G19+'Program 8'!G19+'Program 9'!G19+'Program 10'!G19+'Program 11'!G19+'Program 12'!G19 -> 1532698
B13: Adolescent/Youth | C13: {='Allocation Sheet'!D13:D13} -> 412130 | D13: ='Program 1'!G20+'Program 2'!G20+'Program 3'!G20+'Program 4'!G20+'Program 5'!G20+'Program 6'!G20+'Program 7'!G20+'Program 8'!G20+'Program 9'!G20+'Program 10'!G20+'Program 11'!G20+'Program 12'!G20 -> 412130
B14: Total | C14: ='Allocation Sheet'!D14 -> 6835082 | D14: =SUM(D11:D13) -> 6835082
B16: Category | D16: Amount
B17: Staffing Expenses | D17: ='Program 1'!G133+'Program 2'!G133+'Program 3'!G133+'Program 4'!G133+'Program 5'!G133+'Program 6'!G133+'Program 7'!G133+'Program 8'!G133+'Program 9'!G133+'Program 10'!G133+'Program 11'!G133+'Program 12'!G133 -> 0
B18: Travel | D18: ='Program 1'!G134+'Program 2'!G134+'Program 3'!G134+'Program 4'!G134+'Program 5'!G134+'Program 6'!G134+'Program 7'!G134+'Program 8'!G134+'Program 9'!G134+'Program 10'!G134+'Program 11'!G134+'Program 12'!G134 -> 0
B19: Equipment | D19: ='Program 1'!G135+'Program 2'!G135+'Program 3'!G135+'Program 4'!G135+'Program 5'!G135+'Program 6'!G135+'Program 7'!G135+'Program 8'!G135+'Program 9'!G135+'Program 10'!G135+'Program 11'!G135+'Program 12'!G135 -> 0
B20: Supplies | D20: ='Program 1'!G136+'Program 2'!G136+'Program 3'!G136+'Program 4'!G136+'Program 5'!G136+'Program 6'!G136+'Program 7'!G136+'Program 8'!G136+'Program 9'!G136+'Program 10'!G136+'Program 11'!G136+'Program 12'!G136 -> 0
B21: Consultant/Contract Costs | D21: ='Program 1'!G137+'Program 2'!G137+'Program 3'!G137+'Program 4'!G137+'Program 5'!G137+'Program 6'!G137+'Program 7'!G137+'Program 8'!G137+'Program 9'!G137+'Program 10'!G137+'Program 11'!G137+'Program 12'!G137 -> 6437939
B22: Other Expenses | D22: ='Program 1'!G138+'Program 2'!G138+'Program 3'!G138+'Program 4'!G138+'Program 5'!G138+'Program 6'!G138+'Program 7'!G138+'Program 8'!G138+'Program 9'!G138+'Program 10'!G138+'Program 11'!G138+'Program 12'!G138 -> 0
B23: Maximum Allowable Indirect Costs | D23: =SUM(D17:D22)*C8 -> 643793.9
B24: Indirect Costs | D24: ='Program 1'!G140+'Program 2'!G140+'Program 3'!G140+'Program 4'!G140+'Program 5'!G140+'Program 6'!G140+'Program 7'!G140+'Program 8'!G140+'Program 9'!G140+'Program 10'!G140+'Program 11'!G140+'Program 12'!G140 -> 0
B25: Maximum Allowable County Support Administrative Direct Costs | D25: =C14*0.1 -> 683508.2
B26: County Support Administrative Direct Costs | D26: ='Program 1'!G142+'Program 2'!G142+'Program 3'!G142+'Program 4'!G142+'Program 5'!G142+'Program 6'!G142+'Program 7'!G142+'Program 8'!G142+'Program 9'!G142+'Program 10'!G142+'Program 11'!G142+'Program 12'!G142 -> 397143
B27: Total Cost | D27: =SUM(D17:D26)-D23-D25 -> 6835082
